 Dungeon Crawl Stone Soup version 0.24.0-10-g970556be89 (webtiles) character file.

Game seed: 4900870049488396947, levelgen mode: classic

2600 EnegeticOcto the Fighter (level 9, 0/77 HPs)
             Began as a Mummy Chaos Knight on Nov 3, 2019.
             Was a Plaything of Xom.
             Slain by a vampire mosquito (1 damage)
             ... on level 7 of the Dungeon.
             The game lasted 00:07:58 (7231 turns).

EnegeticOcto the Fighter (Mummy Chaos Knight)       Turns: 7231, Time: 00:07:59

Health: 0/77       AC: 11    Str: 16    XL:     9   Next: 33%
Magic:  9/9        EV:  7    Int: 14    God:    Xom [..*...]
Gold:   360        SH:  0    Dex: 11    Spells: 8/8 levels left

rFire    x . .     SeeInvis +   u - +2 glaive (chaos)
rCold    + . .     Gourm    .   (shield currently unavailable)
rNeg     + + +     Faith    .   c - +0 chain mail
rPois    ∞         Spirit   .   e - +2 hat
rElec    .         Reflect  .   (no cloak)
rCorr    .         Harm     .   (no gloves)
MR       +....                  (no boots)
Stlth    ..........             (no amulet)
HPRegen  0.22/turn              i - ring of see invisible
MPRegen  0.11/turn              s - ring of stealth

@: no status effects
A: no food or potions, fire vulnerability, cold resistance 1, negative energy
resistance 3, torment resistance, unbreathing
a: Renounce Religion


You were on level 7 of the Dungeon.
You worshipped Xom.
You were a toy of Xom.
You were not hungry.

You visited 2 branches of the dungeon, and saw 8 of its levels.

You collected 360 gold pieces.

Inventory:

Hand Weapons
 a - a +0 spear of chaos
 b - a +0 shortbow of freezing
 u - a +2 glaive of chaos (weapon)
Missiles
 h - 68 poisoned darts (quivered)
 m - 115 arrows
Armour
 c - a +0 chain mail (worn)
 e - a +2 hat (worn)
 q - a +2 leather armour
Jewellery
 i - a ring of see invisible (left hand)
 l - an uncursed ring of flight
 s - a ring of stealth (right hand)
Wands
 j - a wand of paralysis (5)
 o - a wand of flame (13)
 x - a wand of iceblast (18)
Scrolls
 d - 5 scrolls of teleportation {@r3 !r}
 f - a scroll of magic mapping {@r5 !r}
 g - 7 scrolls of remove curse {@r2}
 k - 2 scrolls of fog {!r}
 n - a scroll of amnesia
 r - a scroll of enchant weapon
 v - a scroll of fear {!r}
 w - 3 scrolls of immolation
 z - 2 scrolls of enchant armour


   Skills:
 + Level 9.4 Fighting
 - Level 2.4 Polearms
 + Level 5.1 Bows
 - Level 5.1 Armour
 + Level 1.6 Dodging
 + Level 1.2 Evocations


You had 8 spell levels left.
You didn't know any spells.
Your spell library was empty.

Dungeon Overview and Level Annotations

Branches:
Dungeon (7/15)             Temple (1/1) D:4

Altars:
Ashenzari
Elyvilon
Makhleb
Ru
Wu Jian
Xom
Yredelemnul
Zin
The Shining One

Annotations:
D:5 2 transporters, TheWoodenMan's ghost, novice MiGl


Innate Abilities, Weirdness & Mutations

You do not eat or drink.
Your flesh is vulnerable to fire.
You are immune to poison.
Your flesh is cold resistant. (rC+)
You are immune to negative energy. (rN+++)
You are immune to unholy pain and torment.
You can survive without breathing.


Message History

The burst of metal fragments hits the vampire mosquito. x3
The vampire mosquito is severely damaged.
The vampire mosquito bites you but does no damage.
The vampire mosquito bites you!
You slash the vampire mosquito!
You destroy the vampire mosquito!
Your Evocations skill increases to level 1!
The vampire mosquito bites you but does no damage.
You miss the vampire mosquito.
The vampire mosquito closely misses you.
The vampire mosquito bites you!
The vampire mosquito bites you but does no damage.
You closely miss the vampire mosquito.
The vampire mosquito bites you but does no damage. x3
You slash the vampire mosquito!
The vampire mosquito twitches.
The vampire mosquito is moderately damaged.
The vampire mosquito bites you but does no damage. x2
The vampire mosquito bites you!
You hit the vampire mosquito.
Lightning courses through the vampire mosquito!
You destroy the vampire mosquito!
The vampire mosquito bites you.
The vampire mosquito bites you but does no damage.
A phantom comes into view.
Your chain mail prevents you from hitting the vampire mosquito.
The vampire mosquito bites you but does no damage.
The vampire mosquito closely misses you.
The vampire mosquito barely misses you.
You closely miss the vampire mosquito. The vampire mosquito bites you.
The vampire mosquito barely misses you. The vampire mosquito bites you!
You are too injured to fight recklessly!
You are too injured to fight recklessly!
You are too injured to fight recklessly!
You are too injured to fight recklessly!
You are too injured to fight recklessly!
You are too injured to fight recklessly!
You are too injured to fight recklessly!
You barely miss the vampire mosquito.
The vampire mosquito bites you but does no damage.
The vampire mosquito bites you. x2
Evoke which item? (* to show all) (? for menu, Esc to quit)
Aiming: Scattershot
Press: ? - help, Shift-Dir - straight line, f - vampire mosquito
Aim: a vampire mosquito The burst of metal fragments hits the phantom.
The burst of metal fragments hits the vampire mosquito.
The burst of metal fragments hits the phantom!
The burst of metal fragments hits the phantom but does no damage.
The burst of metal fragments hits the vampire mosquito.
The vampire mosquito is moderately damaged.
The phantom is moderately damaged.
The now-empty wand crumbles to dust.
The vampire mosquito bites you.
The vampire mosquito bites you but does no damage.
You closely miss the vampire mosquito.
The vampire mosquito is moderately damaged.
The vampire mosquito bites you! The vampire mosquito bites you.
* * * LOW HITPOINT WARNING * * *
The vampire mosquito bites you but does no damage.
Your chain mail prevents you from hitting the vampire mosquito.
The vampire mosquito is moderately damaged.
The vampire mosquito bites you!
* * * LOW HITPOINT WARNING * * *
The vampire mosquito bites you.
* * * LOW HITPOINT WARNING * * *
The phantom blinks!
A hound comes into view.
The vampire mosquito bites you but does no damage.
The hound moves out of view.
Really read
v - 2 scrolls of fear {!r}?
As you read the scroll of fear {!r}, it crumbles to dust.
You assume a fearsome visage.
The quokka looks frightened!
The vampire mosquito is unaffected.
The vampire mosquito closely misses you.
The vampire mosquito bites you.
* * * LOW HITPOINT WARNING * * *
You can't drink.
Okay, then.
Evoke which item? (* to show all) (? for menu, Esc to quit)
Aiming: Paralyse
Press: ? - help, Shift-Dir - straight line, f/p - vampire mosquito
Aim: a vampire mosquito (moderately damaged, chance to defeat MR: 50%)
The vampire mosquito resists with some effort.
The vampire mosquito bites you but does no damage.
The vampire mosquito barely misses you.
Evoke which item? (* to show all) (? for menu, Esc to quit)
Aiming: Paralyse
Press: ? - help, Shift-Dir - straight line, f/p - vampire mosquito
Aim: a vampire mosquito (moderately damaged, chance to defeat MR: 50%)
The vampire mosquito resists with some effort.
The vampire mosquito barely misses you. The vampire mosquito bites you.
* * * LOW HITPOINT WARNING * * *
Evoke which item? (* to show all) (? for menu, Esc to quit)
Aiming: Paralyse
Press: ? - help, Shift-Dir - straight line, f/p - vampire mosquito
Aim: a vampire mosquito (moderately damaged, chance to defeat MR: 50%)
The vampire mosquito resists with some effort.
The vampire mosquito bites you but does no damage.
The vampire mosquito bites you.
You die...
Xom roars with laughter!

.. . .. .. ##. ...
##.. .... ##.y#..y..
#.y.r..ry. #..#
####W.# #######.@y..#
#########.......##.##
#...........######.#
...†.........## #(.
<.............####..#
.>.....†.............
..............##...###
....................
..............##.#.


You could see a phantom, a vampire mosquito and a quokka (fleeing).

Vanquished Creatures
  Grinder (D:6)
  3 vampire mosquitoes (D:7)
  Menkaure (D:6)
  Duvessa (D:5)
  An ogre (D:5)
  An ice beast (D:5)
  A sky beast (D:6)
  2 centaurs (D:6)
  The ghost of Hyawatha the Skirmisher, an amateur GrMo (D:4)
  3 bullfrogs (D:6)
  A water moccasin zombie (D:4)
  Dowan (D:5)
  A scorpion (D:5)
  A howler monkey (D:5)
  A jelly (D:5)
  3 crimson imps (D:5)
  A centaur zombie (D:4)
  A bullfrog zombie (D:5)
  3 orc priests
  2 iguanas
  7 orc wizards
  4 worker ants
  A hound zombie (D:6)
  4 gnolls (D:6)
  9 adders
  An ooze (D:7)
  An adder zombie (D:6)
  2 adder skeletons (D:5)
  3 dart slugs
  2 leopard geckos
  23 orcs
  8 giant cockroaches
  11 goblins
  9 hobgoblins
  2 jackals
  A kobold (D:3)
  6 quokkas
  A ball python (D:4)
  3 bats
  3 frilled lizards (D:1)
  A jackal skeleton (D:4)
  A quokka skeleton (D:4)
  4 rats
137 creatures vanquished.

Vanquished Creatures (collateral kills)
  An orc priest (D:3)
  An orc (D:3)
2 creatures vanquished.

Grand Total: 139 creatures vanquished

Notes
Turn   | Place    | Note
-------+----------+-------------------------------------------
     0 | D:1      | EnegeticOcto the Mummy Chaos Knight began the quest for the
                  | Orb.
     0 | D:1      | Reached XP level 1. HP: 18/18 MP: 1/1
   147 | D:1      | You fall into a shaft and drop 1 floor!
   160 | D:2      | XOM: potion effect (agility)
   163 | D:2      | Noticed a worker ant
   169 | D:2      | Reached XP level 2. HP: 18/25 MP: 2/2
   181 | D:2      | Reached skill level 4 in Fighting
   181 | D:2      | Reached XP level 3. HP: 19/31 MP: 3/3
   592 | D:2      | XOM: mild Chrm miscast
   879 | D:1      | You fall into a shaft and drop 1 floor!
  1231 | D:2      | XOM: mild Tloc miscast
  1240 | D:1      | Reached XP level 4. HP: 5/38 MP: 4/4
  1244 | D:1      | Reached skill level 5 in Fighting
  1484 | D:1      | XOM: silly message
  1663 | D:2      | XOM: harmless Air miscast
  1664 | D:2      | XOM: potion effect (invisibility)
  1885 | D:3      | XOM: noise
  1932 | D:3      | Found a shattered altar of Ashenzari.
  1932 | D:3      | Found a glowing golden altar of the Shining One.
  1939 | D:3      | XOM: mild Summ miscast
  1940 | D:3      | Noticed a spatial vortex
  2053 | D:3      | XOM: summons friendly ufetubus
  2055 | D:3      | Reached XP level 5. HP: 31/46 MP: 5/5
  2064 | D:3      | Reached skill level 6 in Fighting
  2245 | D:3      | Found a faded altar of an unknown god.
  2473 | D:3      | Found a glowing silver altar of Zin.
  2585 | D:3      | XOM: 1-stop teleportation journey
  2653 | D:3      | XOM: cloud trail
  3008 | D:4      | XOM: blink monster(s)
  3096 | D:4      | XOM: harmless Ice miscast
  3169 | D:4      | XOM: medium Necr miscast
  3185 | D:4      | Noticed a centaur
  3185 | D:4      | Found a staircase to the Ecumenical Temple.
  3185 | D:4      | XOM: 3-stop teleportation journey
  3192 | Temple   | Entered the Ecumenical Temple
  3368 | D:4      | a centaur changed into an iguana
  3368 | D:4      | XOM: polymorph centaur -> iguana
  3372 | D:4      | Reached XP level 6. HP: 48/53 MP: 6/6
  3564 | D:4      | XOM: god gift: runed glaive {god gift}
  3604 | D:4      | XOM: scenery: create altars
  3923 | D:4      | Found a runed translucent gate.
  3924 | D:4      | Found a runed translucent gate.
  3925 | D:4      | Found a runed translucent gate.
  3927 | D:4      | Noticed Hyawatha's ghost (amateur GrMo)
  3956 | D:4      | Killed Hyawatha's ghost
  3956 | D:4      | Reached skill level 7 in Fighting
  3960 | D:4      | Reached skill level 1 in Bows
  4134 | D:5      | Entered Level 5 of the Dungeon
  4138 | D:5      | XOM: fog
  4146 | D:5      | Reached XP level 7. HP: 37/60 MP: 7/7
  4300 | D:5      | Noticed TheWoodenMan's ghost (novice MiGl)
  4301 | D:5      | Found a transporter.
  4302 | D:5      | Found a transporter.
  4302 | D:5      | Identified the cursed +3 great mace of Uncertain Death
                  | {antimagic, rN+ Int+3 Dex+5}
  4669 | D:5      | Noticed Duvessa
  4669 | D:5      | Noticed Dowan
  4674 | D:5      | XOM: god gift: glass ring {god gift}
  4677 | D:5      | Killed Dowan
  4682 | D:5      | Killed Duvessa
  4901 | D:5      | XOM: divination: detect items
  5007 | D:5      | Reached skill level 8 in Fighting
  5007 | D:5      | Reached XP level 8. HP: 22/68 MP: 8/8
  5267 | D:5      | XOM: scenery: create altars
  5822 | D:6      | XOM: 4-stop teleportation journey
  5857 | D:6      | XOM: enchant monster (bad)
  5858 | D:6      | XOM: fog
  6086 | D:6      | Found a sacrificial altar of Ru.
  6302 | D:6      | XOM: summons 4 hostile demons
  6340 | D:6      | Noticed Menkaure
  6340 | D:6      | XOM: divination: detect creatures
  6348 | D:6      | Killed Menkaure
  6476 | D:6      | XOM: 4-stop teleportation journey
  6532 | D:6      | Reached skill level 9 in Fighting
  6622 | D:6      | XOM: summons 4 hostile demons
  6712 | D:6      | Noticed Grinder
  6718 | D:6      | XOM: potion effect (agility)
  6724 | D:6      | Killed Grinder
  6724 | D:6      | Reached skill level 5 in Armour
  6724 | D:6      | Reached XP level 9. HP: 61/76 MP: 9/9
  6957 | D:6      | XOM: god gift: 22 gold pieces
  7210 | D:7      | XOM: noise
  7211 | D:7      | XOM: noise
  7215 | D:7      | Reached skill level 5 in Bows
  7215 | D:7      | Reached skill level 1 in Dodging
  7217 | D:7      | Reached skill level 1 in Evocations
  7230 | D:7      | HP: 1/77 [vampire mosquito (5)]
  7231 | D:7      | Slain by a vampire mosquito

Levels and vault maps discovered:
D:1:      wander_arrival_estate, layout_basic
D:2:      layout_rooms
D:3:      layout_basic, chequers_temple_overflow_statue_of_worship,
          nicolae_overflow_crystal_walls, chequers_ecumenical_altar_simple,
          first_ration
D:4:      layout_basic, minmay_temple_entry_butterflies,
          gammafunk_ghost_necromancy
D:5:      layout_basic, gammafunk_ghost_smash, uniq_duvessa
D:6:      layout_loops_ring, nicolae_ru_path_of_blood, uniq_menkaure,
          uniq_grinder
D:7:      layout_rooms, marbit_many_paths, serial_shops, shop
Temple:   eino_temple_rhombus

Skill      XL: |  1  2  3  4  5  6  7  8  9 |
---------------+----------------------------+-----
Fighting       | 4 5 6 7 8 9 |  9.4
Bows           | 1 3 4 5 |  5.1
Armour         | 2 3 5 |  5.1
Dodging        | 1 |  1.6
Evocations     | 1 |  1.2
Polearms       | |  2.4

Action                   |  1- 3 |  4- 6 |  7- 9 || total
-------------------------+-------+-------+-------++-------
Melee: Spear             |   130 |   171 |       ||   301
       Glaive            |       |    48 |   265 ||   313
Evoke: Wand              |       |       |     8 ||     8
  Use: Scroll            |       |     4 |     8 ||    12
 Stab: Confused          |       |     1 |       ||     1
       Petrifying        |       |     1 |       ||     1
       Paralysed         |       |       |     2 ||     2
       Sleeping          |       |       |     1 ||     1
Armor: Chain mail        |   100 |   119 |   241 ||   460
       Leather armour    |     4 |       |       ||     4
Dodge: Dodged            |    37 |    67 |   116 ||   220
